ESL (28 & UNDER)
MINNESOTA MANBEARPIGS @ KINGSTON IGUANAS
09/26/2028
 
TOP OF THE 1ST
Minnesota ManBearPigs batting - Pitching for Kingston Iguanas : LHP Nick Clayton
Pitching: LHP Nick Clayton
Batting: LHB Elvin Summers 0-0: Called Strike
0-1: Called Strike
0-2: Strikes out swinging
Batting: RHB Carlos López 0-0: Ground out 5-3 (Groundball, 56)
Batting: RHB Jaime Hernández 0-0: Foul Ball, location: 2F
0-1: Called Strike
0-2: Ball
1-2: Ball
2-2: Strikes out swinging
Top of the 1st over - 0 run(s), 0 hit(s), 0 error(s), 0 left on base; Minnesota 0 - Kingston 0
BOTTOM OF THE 1ST
Kingston Iguanas batting - Pitching for Minnesota ManBearPigs : RHP Cam Sparks
Pitching: RHP Cam Sparks
Batting: RHB Manuel Gómez 0-0: Ball
1-0: Ball
2-0: Called Strike
2-1: Ball
3-1: TRIPLE (Line Drive, 8RD)
Batting: RHB Francisco Martínez 0-0: Ball
1-0: Called Strike
1-1: Ball
2-1: Fly out, F9 (Flyball, 9LM)
Runner from 3rd tags up, SCORES, no throw
Batting: LHB Dusty Wilson 0-0: Fly out, F9 (Flyball, 9D)
Batting: LHB Jon Quinn 0-0: SOLO HOME RUN (Flyball, 9D), Distance : 373 ft
Batting: LHB Mike Godfrey 0-0: Foul Ball, location: 2F
0-1: Ball
1-1: Foul Ball, location: 2F
1-2: Ball
2-2: Ball
3-2: Foul Ball, location: 2F
3-2: Base on Balls
Batting: SHB Devin Smith 0-0: Foul Ball, location: 2F
0-1: Fly out, F8 (Flyball, 8LXD)
Bottom of the 1st over - 2 run(s), 2 hit(s), 0 error(s), 1 left on base; Minnesota 0 - Kingston 2
TOP OF THE 2ND
Minnesota ManBearPigs batting - Pitching for Kingston Iguanas : LHP Nick Clayton
Batting: RHB Chris Burrell 0-0: Ball
1-0: Called Strike
1-1: Called Strike
1-2: Foul Ball, location: 2F
1-2: Foul Ball, location: 2F
1-2: Ball
2-2: Foul Ball, location: 2F
2-2: Foul Ball, location: 2F
2-2: Strikes out looking
Batting: RHB Jorge Mora 0-0: Ball
1-0: Called Strike
1-1: Ground out 6-3 (Groundball, 6)
Batting: LHB Dave Raines 0-0: Called Strike
0-1: Called Strike
0-2: Ball
1-2: Foul Ball, location: 2F
1-2: SINGLE (Groundball, 6MD)
Batting: RHB Pedro López 0-0: Fly out, F8 (Flyball, 78S)
Top of the 2nd over - 0 run(s), 1 hit(s), 0 error(s), 1 left on base; Minnesota 0 - Kingston 2
BOTTOM OF THE 2ND
Kingston Iguanas batting - Pitching for Minnesota ManBearPigs : RHP Cam Sparks
Batting: RHB Sergio Mata 0-0: Called Strike
0-1: Fly out, F8 (Flyball, 8RM)
Batting: RHB Bob Lee 0-0: Ground out U3 (Groundball, 3)
Batting: SHB John Beach 0-0: Ball
1-0: Foul Ball, location: 2F
1-1: Swinging Strike
1-2: Strikes out swinging
Bottom of the 2nd over - 0 run(s), 0 hit(s), 0 error(s), 0 left on base; Minnesota 0 - Kingston 2
TOP OF THE 3RD
Minnesota ManBearPigs batting - Pitching for Kingston Iguanas : LHP Nick Clayton
Batting: RHB James Hunter 0-0: Called Strike
0-1: Ball
1-1: Fly out, F5 (Line Drive, 56)
Batting: RHB Carlos Luna 0-0: Ball
1-0: Swinging Strike
1-1: Called Strike
1-2: Foul Ball, location: 2F
1-2: Foul Ball, location: 2F
1-2: Foul Ball, location: 2F
1-2: Ball
2-2: Ground out 6-3 (Groundball, 6)
Batting: LHB Elvin Summers 0-0: Called Strike
0-1: Foul Ball, location: 2F
0-2: Ball
1-2: Strikes out swinging
Top of the 3rd over - 0 run(s), 0 hit(s), 0 error(s), 0 left on base; Minnesota 0 - Kingston 2
BOTTOM OF THE 3RD
Kingston Iguanas batting - Pitching for Minnesota ManBearPigs : RHP Cam Sparks
Batting: RHB Manuel Gómez 0-0: Fly out, F2 (Popup, 25)
Batting: RHB Francisco Martínez 0-0: Called Strike
0-1: Ball
1-1: Ground out 6-3 (Groundball, 6MS)
Batting: LHB Dusty Wilson 0-0: Ball
1-0: Called Strike
1-1: Foul Ball, location: 2F
1-2: Ball
2-2: Foul Ball, location: 2F
2-2: Ball
3-2: Strikes out swinging
Bottom of the 3rd over - 0 run(s), 0 hit(s), 0 error(s), 0 left on base; Minnesota 0 - Kingston 2
TOP OF THE 4TH
Minnesota ManBearPigs batting - Pitching for Kingston Iguanas : LHP Nick Clayton
Batting: RHB Carlos López 0-0: Ground out 5-3 (Groundball, 56)
Batting: RHB Jaime Hernández 0-0: Swinging Strike
0-1: Ball
1-1: Ground out 6-3 (Groundball, 6)
Batting: RHB Chris Burrell 0-0: Called Strike
0-1: Ball
1-1: Ball
2-1: Foul Ball, location: 2F
2-2: Ground out 5-3 (Groundball, 56S)
Top of the 4th over - 0 run(s), 0 hit(s), 0 error(s), 0 left on base; Minnesota 0 - Kingston 2
BOTTOM OF THE 4TH
Kingston Iguanas batting - Pitching for Minnesota ManBearPigs : RHP Cam Sparks
Batting: LHB Jon Quinn 0-0: Fly out, F7 (Line Drive, 7)
Batting: LHB Mike Godfrey 0-0: Ball
1-0: Called Strike
1-1: Foul Ball, location: 2F
1-2: Ground out 4-3 (Groundball, 34D)
Batting: SHB Devin Smith 0-0: Called Strike
0-1: Ball
1-1: Foul Ball, location: 2F
1-2: Foul Ball, location: 2F
1-2: Ground out 5-3 (Groundball, 56S)
Bottom of the 4th over - 0 run(s), 0 hit(s), 0 error(s), 0 left on base; Minnesota 0 - Kingston 2
TOP OF THE 5TH
Minnesota ManBearPigs batting - Pitching for Kingston Iguanas : LHP Nick Clayton
Batting: RHB Jorge Mora 0-0: Ball
1-0: Ball
2-0: Foul Ball, location: 2F
2-1: Called Strike
2-2: Foul Ball, location: 2F
2-2: Ball
3-2: Base on Balls
Batting: LHB Dave Raines 0-0: Ball
1-0: Foul Ball, location: 2F
1-1: Foul Ball, location: 2F
1-2: Ball
2-2: Fly out, F7 (Flyball, 7)
Batting: RHB Pedro López 0-0: Ball
1-0: Called Strike
1-1: Fly out, F9 (Flyball, 9LS)
Batting: RHB James Hunter 0-0: Ball
1-0: Ball
2-0: Ball
3-0: Called Strike
3-1: Called Strike
3-2: Ground out 6-3 (Groundball, 6)
Top of the 5th over - 0 run(s), 0 hit(s), 0 error(s), 1 left on base; Minnesota 0 - Kingston 2
BOTTOM OF THE 5TH
Kingston Iguanas batting - Pitching for Minnesota ManBearPigs : RHP Cam Sparks
Batting: RHB Sergio Mata 0-0: Ball
1-0: Fly out, F9 (Flyball, 9S)
Batting: RHB Bob Lee 0-0: Ball
1-0: Ball
2-0: Ball
3-0: Called Strike
3-1: Swinging Strike
3-2: Strikes out swinging
Batting: SHB John Beach 0-0: Fly out, F8 (Flyball, 8RD)
Bottom of the 5th over - 0 run(s), 0 hit(s), 0 error(s), 0 left on base; Minnesota 0 - Kingston 2
TOP OF THE 6TH
Minnesota ManBearPigs batting - Pitching for Kingston Iguanas : LHP Nick Clayton
Batting: RHB Carlos Luna 0-0: Swinging Strike
0-1: Foul Ball, location: 2F
0-2: Ball
1-2: Fly out, F7 (Flyball, 7)
Batting: LHB Elvin Summers 0-0: Fly out, F9 (Flyball, 9LM)
Batting: RHB Carlos López 0-0: Foul Ball, location: 2F
0-1: Foul Ball, location: 2F
0-2: Reached on error, E5 (Groundball, 5)
Batting: RHB Jaime Hernández 0-0: Foul Ball, location: 2F
0-1: Foul Ball, location: 2F
0-2: Ground out 6-3 (Groundball, 6)
Top of the 6th over - 0 run(s), 0 hit(s), 1 error(s), 1 left on base; Minnesota 0 - Kingston 2
BOTTOM OF THE 6TH
Kingston Iguanas batting - Pitching for Minnesota ManBearPigs : RHP Cam Sparks
Batting: RHB Manuel Gómez 0-0: Called Strike
0-1: Swinging Strike
0-2: Foul Ball, location: 2F
0-2: Foul Ball, location: 2F
0-2: Ball
1-2: Strikes out looking
Batting: RHB Francisco Martínez 0-0: Ball
1-0: Ball
2-0: Ball
3-0: Base on Balls
Batting: LHB Dusty Wilson 0-0: Ball
1-0: Foul Ball, location: 2F
1-1: Ball
2-1: Foul Ball, location: 2F
2-2: Strikes out looking
Batting: LHB Jon Quinn 0-0: Swinging Strike
0-1: Foul Ball, location: 2F
0-2: Ball
1-2: Strikes out looking
Bottom of the 6th over - 0 run(s), 0 hit(s), 0 error(s), 1 left on base; Minnesota 0 - Kingston 2
TOP OF THE 7TH
Minnesota ManBearPigs batting - Pitching for Kingston Iguanas : LHP Nick Clayton
Batting: RHB Chris Burrell 0-0: Foul Ball, location: 2F
0-1: Ball
1-1: Foul Ball, location: 2F
1-2: Ball
2-2: Ball
3-2: Foul Ball, location: 2F
3-2: Foul Ball, location: 2F
3-2: Ground out 5-3 (Groundball, 56)
Batting: RHB Jorge Mora 0-0: Swinging Strike
0-1: Ball
1-1: Foul Ball, location: 2F
1-2: Ball
2-2: SOLO HOME RUN (Flyball, 7D), Distance : 383 ft
Pitching: RHP Kel Meyer
Batting: LHB Dave Raines 0-0: Called Strike
0-1: Ball
1-1: Swinging Strike
1-2: Foul Ball, location: 2F
1-2: Strikes out swinging
Batting: RHB Pedro López 0-0: Ball
1-0: TRIPLE (Flyball, 78XD)
Pinch Hitting: LHB Ramiro Muñóz 0-0: Ball
1-0: Called Strike
1-1: Ball
2-1: Fly out, F7 (Flyball, 7LS)
Top of the 7th over - 1 run(s), 2 hit(s), 0 error(s), 1 left on base; Minnesota 1 - Kingston 2
BOTTOM OF THE 7TH
Kingston Iguanas batting - Pitching for Minnesota ManBearPigs : RHP Cam Sparks
Now at 3B: Ramiro Muñóz
Batting: LHB Mike Godfrey 0-0: Ball
1-0: Swinging Strike
1-1: Foul Ball, location: 2F
1-2: Foul Ball, location: 2F
1-2: Ball
2-2: Fly out, F8 (Flyball, 8LM)
Batting: SHB Devin Smith 0-0: Called Strike
0-1: Ball
1-1: Ball
2-1: Ball
3-1: Called Strike
3-2: Foul Ball, location: 2F
3-2: SOLO HOME RUN (Flyball, 78XD), Distance : 394 ft
Pitching: RHP José Peña
Batting: RHB Sergio Mata 0-0: Ball
1-0: Fly out, F8 (Flyball, 8RM)
Batting: RHB Bob Lee 0-0: Swinging Strike
0-1: Ball
1-1: Swinging Strike
1-2: Ball
2-2: Ground out 5-3 (Groundball, 56)
Bottom of the 7th over - 1 run(s), 1 hit(s), 0 error(s), 0 left on base; Minnesota 1 - Kingston 3
TOP OF THE 8TH
Minnesota ManBearPigs batting - Pitching for Kingston Iguanas : RHP Kel Meyer
Batting: RHB Carlos Luna 0-0: Fly out, F9 (Flyball, 9)
Batting: LHB Elvin Summers 0-0: Ball
1-0: SINGLE (Groundball, 56D)
Batting: RHB Carlos López 0-0: Called Strike
0-1: Ball
1-1: Fly out, F8 (Flyball, 8RM)
Batting: RHB Jaime Hernández 0-0: Ball
Wild Pitch!
Elvin Summers to second
1-0: Ground out 6-3 (Groundball, 6)
Top of the 8th over - 0 run(s), 1 hit(s), 0 error(s), 1 left on base; Minnesota 1 - Kingston 3
BOTTOM OF THE 8TH
Kingston Iguanas batting - Pitching for Minnesota ManBearPigs : RHP José Peña
Batting: SHB John Beach 0-0: Ball
1-0: Called Strike
1-1: SINGLE (Groundball, 6D)
Batting: RHB Manuel Gómez 0-0: Sac Bunt - play at second, runner OUT! 2-6
Batting: RHB Francisco Martínez 0-0: Called Strike
0-1: Swinging Strike
0-2: Ball
Manuel Gómez steals 2nd base
1-2: Ball
2-2: Fly out, F8 (Line Drive, 8RM)
Batting: LHB Dusty Wilson 0-0: Called Strike
0-1: Fly out, F9 (Flyball, 9LS)
Bottom of the 8th over - 0 run(s), 1 hit(s), 0 error(s), 1 left on base; Minnesota 1 - Kingston 3
TOP OF THE 9TH
Minnesota ManBearPigs batting - Pitching for Kingston Iguanas : RHP Kel Meyer
Pitching: RHP Guo-fang Juan
Batting: RHB Chris Burrell 0-0: Foul Ball, location: 2F
0-1: SINGLE (Line Drive, 56)
Pinch Runner at 1st Juan Trujillo:
Batting: RHB Jorge Mora 0-0: Ball
1-0: Swinging Strike
1-1: Ball
2-1: Ball
3-1: Swinging Strike
3-2: 2-RUN HOME RUN (Flyball, 78XD), Distance : 389 ft
Pitching: LHP Dong-young Kang
Pinch Hitting: RHB Martín Pérez 0-0: Called Strike
0-1: Called Strike
0-2: Strikes out swinging
Batting: RHB Pedro López 0-0: Swinging Strike
0-1: Ball
1-1: Foul Ball, location: 2F
1-2: Strikes out swinging
Batting: LHB Ramiro Muñóz 0-0: Ball
1-0: Foul Ball, location: 2F
1-1: Ground out 6-3 (Groundball, 6)
Top of the 9th over - 2 run(s), 2 hit(s), 0 error(s), 0 left on base; Minnesota 3 - Kingston 3
BOTTOM OF THE 9TH
Kingston Iguanas batting - Pitching for Minnesota ManBearPigs : RHP José Peña
Pitching: RHP Renaldo Quilh
Now at C: Chris Jones
Now at 1B: Juan Trujillo
Batting: LHB Jon Quinn 0-0: Foul Ball, location: 2F
0-1: Swinging Strike
0-2: Strikes out swinging
Batting: LHB Mike Godfrey 0-0: Ball
1-0: Called Strike
1-1: Fly out, F4 (Popup, 4)
Pinch Hitting: LHB Gustavo Gómez 0-0: Ball
1-0: Ball
2-0: Called Strike
2-1: Ball
3-1: Ground out U3 (Groundball, 3)
Bottom of the 9th over - 0 run(s), 0 hit(s), 0 error(s), 0 left on base; Minnesota 3 - Kingston 3
TOP OF THE 10TH
Minnesota ManBearPigs batting - Pitching for Kingston Iguanas : LHP Dong-young Kang
Now in CF: Billy Anderson
Pinch Hitting: SHB Jorge Rodríguez 0-0: Foul Ball, location: 2F
0-1: SINGLE (Groundball, 6D)
Pinch Runner at 1st Álex Ochoa:
Batting: LHB Elvin Summers 0-0: Fly out, F7 (Line Drive, 7)
Batting: RHB Carlos López 0-0: Ball
1-0: Ball
2-0: Called Strike
2-1: Ball
3-1: SINGLE (Line Drive, 89S)
Álex Ochoa to second
Runner from 2nd tries for 3rd, SAFE, throw made to third
Carlos López to second
Batting: RHB Jaime Hernández 0-0: Intentional Walk
Pinch Hitting: RHB Dan Morrison 0-0: Ball
1-0: Ball
2-0: Grounds into fielders choice 1-2 (Groundball, 13)
Carlos López to third
Jaime Hernández to second
Batting: RHB Jorge Mora 0-0: Fielders Choice at 2nd, 6-4 (Groundball, 6)
Top of the 10th over - 0 run(s), 2 hit(s), 0 error(s), 2 left on base; Minnesota 3 - Kingston 3
BOTTOM OF THE 10TH
Kingston Iguanas batting - Pitching for Minnesota ManBearPigs : RHP Renaldo Quilh
Now at 1B: Álex Ochoa
Now in RF: José Orozco
Batting: RHB Sergio Mata 0-0: Called Strike
0-1: Foul Ball, location: 2F
0-2: Strikes out swinging
Batting: RHB Bob Lee 0-0: Ball
1-0: Ball
2-0: Ball
3-0: Base on Balls
Batting: SHB John Beach 0-0: Foul Ball, location: 2F
0-1: DOUBLE (Flyball, 78D)
Bob Lee to third
Batting: RHB Manuel Gómez 0-0: Intentional Walk
Batting: RHB Francisco Martínez 0-0: Ball
1-0: Ball
2-0: Called Strike
2-1: Foul Ball, location: 2F
2-2: Strikes out looking
Batting: LHB Dusty Wilson 0-0: Ball
1-0: Ball
2-0: Ball
3-0: Called Strike
3-1: Base on Balls
Bob Lee scores
John Beach to third
Manuel Gómez to second
Tuesday, August 8th, 2017 - OOTP Baseball 17.12 Build 75